cohdb
Replays
Latest Replays
All Replays
Popular Replays
Top Player Replays
Match Explorer
How It Works
Community
CoH3 Stats
Reddit
Sign in to upload your games and track your stats! →
Sign in with Steam
Match 40168270
Unlisted
Match 40168270
Overview
Messages
Build Orders
End
Construct Weapon Support Center
Engineer Squad
Selects Heavy Weapons
M1919 Machine Gun Team
M1919 Machine Gun Team
Bazooka Squad
Mechanized Support Center
Engineer Squad
Selects Assault Carriers
M3 Assault Carrier
Selects Exchangeable Parts
Construct Medical Station
Bazooka Squad
Bazooka Squad
Selects M2HB .50cal Heavy Machine Gun
Construct Motor Pool
Engineer Squad
M1919 Machine Gun Team
M1 Anti-tank Gun Team
M1 Anti-tank Gun Team
M8 Greyhound Armored Car
Engineer Squad
Engineer Squad
sTraydog
只愛❤毛妹
0
0
Comments
sign in to comment!
No comments posted yet!